Map: Thunderbird LE

Players

Spectrum - Winner!

  • Race: Zerg Zerg
  • League: Master
  • Spawn Location: 5:00

wolfDiaz

  • Race: Terran Terran
  • League: Diamond
  • Spawn Location: 11:00

VOD

Have the link to the VOD?

Description

Time

  • Played on: Aug. 25, 2019, 8:55 p.m.
  • Length: 11:40
Show
View Real Time Build Order
Export as new Build Order

Spectrum Zerg - Winner!

Build Orders: Hatch First, Roach Hydra 

Get SALT Encoding   

  12  0:00  Drone  
  13  0:14  Overlord  
  13  0:20  Drone  
  14  0:33  Drone x2  
  16  0:50  Hatchery  
  16  0:53  Drone  
  16  0:56  Drone  
  17  0:59  Drone  
  18  1:11  Extractor  
  17  1:15  Spawning Pool  
  16  1:19  Drone  
  16  1:22  Drone  
  18  1:30  Drone  
  19  1:42  Drone  
  20  1:52  Overlord  
  20  2:02  Queen x2  
  20  2:03  Zergling x4  
  26  2:24  Drone x2  
  28  2:35  Drone x3  
  28  2:36  Metabolic Boost  
  30  2:37  Overlord  
  30  2:41  Queen  
  32  2:49  Overlord  
  32  2:55  Drone  
  33  3:06  Drone  
  34  3:14  Hatchery  
  34  3:15  Drone x4  
  34  3:18  Queen  
  39  3:24  Drone x2  
  39  3:25  Drone x2  
  43  3:49  Queen  
  43  3:50  Drone x4  
  43  3:51  Drone x2  
  43  3:53  Overlord  
  51  3:56  Pneumatized Carapace  
  51  4:01  Extractor  
  50  4:06  Drone x2  
  50  4:08  Overlord  
  50  4:09  Overlord  
  52  4:15  Zergling x4  
  54  4:22  Baneling Nest  
  53  4:24  Queen  
  55  4:43  Evolution Chamber  
  55  4:44  Evolution Chamber  
  55  4:45  Drone x7  
  60  4:48  Queen  
  62  4:59  Zergling x10  
  67  5:06  Overlord  
  67  5:09  Overlord x4  
  67  5:10  Lair  
  67  5:31  Drone x8  
  75  5:39  Overlord  
  75  5:41  Drone x5  
  75  5:42  Extractor  
  79  5:44  Zerg Ground Armor Level 1  
  79  5:45  Zerg Melee Weapons Level 1  
  79  5:49  Zergling x6  
  83  5:50  Zergling x2  
  83  5:56  Zergling x2  
  84  5:59  Roach Warren  
  84  6:00  Extractor  
  84  6:01  Spore Crawler, Extractor  
  84  6:02  Spore Crawler  
  79  6:05  Spore Crawler  
  78  6:11  Baneling  
  78  6:12  Zergling x2, Baneling x7  
  78  6:13  Zergling x18  
  78  6:14  Queen  
  90  6:22  Zergling x8  
  90  6:23  Zergling x2  
  90  6:24  Queen  
  97  6:32  Overlord x2  
  74  6:50  Drone  
  74  6:51  Drone x8  
  74  6:53  Queen  
  85  6:56  Glial Reconstitution  
  85  6:57  Drone x4  
  85  6:58  Drone  
  90  7:16  Drone x3  
  90  7:19  Hatchery  
  90  7:21  Extractor  
  90  7:22  Drone x2  
  93  7:23  Overlord x2  
  93  7:26  Hydralisk Den, Overseer  
  93  7:29  Roach  
  102  7:30  Roach x4  
  102  7:37  Roach x4  
  110  7:57  Zerg Ground Armor Level 2  
  110  7:58  Zerg Missile Weapons Level 1  
  110  7:59  Grooved Spines  
  110  8:00  Roach x5  
  110  8:01  Roach x3  
  126  8:09  Overlord x2  
  126  8:11  Overlord  
  126  8:21  Hydralisk  
  126  8:22  Hydralisk, Infestation Pit  
  126  8:24  Overlord x4  
  129  8:35  Overlord  
  129  8:38  Overlord  
  129  8:39  Overlord  
  129  8:49  Hydralisk x7  
  143  8:57  Drone x2  
  143  8:58  Drone x6  
  143  8:59  Drone  
  152  9:03  Hive, Hatchery  
  152  9:07  Hatchery  
  150  9:11  Muscular Augments  
  150  9:13  Drone x4  
  150  9:14  Drone  
  150  9:16  Extractor  
  154  9:31  Hydralisk x8  
  165  9:45  Hydralisk x5  
  157  9:46  Hydralisk x2  
  161  9:53  Hydralisk x4  
  155  10:04  Extractor  
  148  10:12  Drone x2  
  148  10:13  Hydralisk x7, Drone  
  165  10:27  Spire  
  164  10:31  Queen  
  164  10:34  Extractor  
  164  10:35  Extractor  
  164  10:40  Hydralisk x5  
  164  10:41  Hydralisk x2, Roach  
  182  10:42  Roach  
  182  10:46  Roach x3  
  182  10:47  Roach  
  190  10:57  Drone x3  
  190  11:02  Overseer  
Show
View Real Time Build Order
Export as new Build Order

wolfDiaz Terran 

Build Orders: Reaper Expand 

Get SALT Encoding   

  12  0:01  SCV  
  13  0:13  SCV  
  14  0:17  Supply Depot  
  14  0:25  SCV  
  15  0:39  Barracks, SCV  
  16  0:46  Refinery  
  16  0:51  SCV  
  17  1:03  SCV  
  18  1:15  SCV  
  19  1:27  Orbital Command  
  19  1:30  Reaper  
  20  1:43  Command Center  
  20  1:53  SCV  
  21  2:01  Marine  
  21  2:05  SCV  
  21  2:06  Factory  
  23  2:13  Supply Depot  
  23  2:17  Supply Depot  
  23  2:32  Barracks Reactor  
  23  2:34  SCV  
  24  2:38  Refinery  
  24  2:46  SCV  
  25  2:57  Orbital Command  
  25  3:04  Starport  
  25  3:06  SCV  
  26  3:16  Hellion x2  
  26  3:19  SCV  
  31  3:20  Barracks Tech Lab  
  31  3:22  SCV  
  32  3:38  SCV x2, Hellion x2  
  38  3:48  Supply Depot  
  38  3:50  SCV x2  
  38  3:53  Fusion Core  
  38  3:54  Viking  
  42  4:02  Hellion x2  
  46  4:09  SCV x2  
  48  4:11  Supply Depot  
  48  4:16  Supply Depot  
  48  4:17  Refinery  
  48  4:21  SCV x2  
  54  4:31  Hellion x2  
  54  4:33  SCV x2  
  56  4:43  Barracks Tech Lab  
  56  4:48  Battlecruiser  
  56  4:50  Supply Depot  
  56  4:51  SCV  
  56  4:52  SCV  
  64  5:03  SCV  
  64  5:04  SCV  
  64  5:06  Refinery  
  66  5:08  Hellion x2  
  66  5:12  Armory, Barracks Tech Lab  
  70  5:16  Supply Depot  
  70  5:27  SCV x2  
  72  5:39  Weapon Refit  
  72  5:44  SCV  
  72  5:45  SCV  
  72  5:47  Supply Depot  
  74  5:53  Command Center  
  74  5:55  Factory  
  74  5:56  Factory  
  74  5:57  SCV x2  
  76  6:14  Command Center  
  76  6:15  Hellion  
  78  6:26  Hellion  
  80  6:34  SCV x2  
  80  6:38  Hellion  
  61  6:47  Hellion  
  61  6:51  Battlecruiser  
  61  6:53  Infernal Pre-Igniter  
  69  6:55  Mag-Field Accelerator  
  69  6:58  SCV  
  69  6:59  Engineering Bay  
  70  7:08  Refinery  
  70  7:12  Orbital Command  
  70  7:14  Refinery  
  70  7:19  Terran Ship Weapons Level 1  
  70  7:22  Hellion x2  
  74  7:23  SCV  
  75  7:38  Barracks Tech Lab  
  75  7:39  SCV x3  
  75  7:41  Factory x2  
  75  7:42  Cyclone  
  81  7:45  Cyclone  
  81  7:51  SCV x2  
  86  7:53  SCV  
  86  7:55  Planetary Fortress  
  87  7:58  Missile Turret  
  87  8:00  Missile Turret x2  
  87  8:03  Missile Turret  
  87  8:11  Armory  
  87  8:12  SCV x3  
  90  8:13  Missile Turret  
  90  8:23  Sensor Tower  
  90  8:24  SCV x2  
  92  8:27  Factory Tech Lab  
  92  8:29  Barracks Tech Lab  
  92  8:31  SCV  
  92  8:32  SCV  
  94  8:36  SCV  
  94  8:39  SCV  
  96  8:42  Battlecruiser  
  96  8:43  SCV  
  96  8:44  Cyclone, Hellion x2  
  110  8:50  Missile Turret  
  110  8:54  SCV x3  
  113  8:57  Cyclone, Missile Turret  
  113  8:59  Missile Turret  
  116  9:05  Refinery x2  
  116  9:06  Terran Vehicle And Ship Armor Level 1  
  116  9:09  Sensor Tower  
  116  9:18  Cyclone  
  116  9:19  Starport x2, Hellion x2  
  116  9:20  SCV  
  119  9:41  Siege Tank  
  119  9:44  Supply Depot x3  
  119  9:45  Siege Tank  
  123  9:46  Siege Tank  
  109  9:53  Cyclone  
  103  10:03  Starport Tech Lab x2  
  103  10:09  SCV x2  
  103  10:13  Cyclone  
  108  10:15  Hellion x2  
  108  10:17  Cyclone  
  108  10:20  Missile Turret  
  115  10:22  Missile Turret  
  115  10:23  Battlecruiser  
  121  10:32  Command Center  
  121  10:33  SCV x4  
  121  10:34  Raven  
  127  10:35  Supply Depot  
  127  10:41  Hellion x2  
  127  10:42  Cyclone x2  
  137  10:45  SCV x3  
  137  10:46  SCV  
  147  10:57  SCV x2  
  147  10:58  Hellion x2  
  153  11:13  Hellion  
  153  11:16  Hellion  
  153  11:17  Supply Depot x2  
  153  11:18  Supply Depot  
Tags
 
Add a new tag
Caveats
  • Supply blocks, unpowered buildings, or Contaminate may cause inaccurate times.
  • Supply counts are checked every 10 seconds.